Map: Breakwater LE

Players

Ekelpack

  • Race: Zerg Zerg
  • Spawn Location: 1:00

Nyck

  • Race: Terran Terran
  • Spawn Location: 1:00

Tigereye - Winner!

  • Race: Terran Terran
  • Spawn Location: 7:00

Schufti - Winner!

  • Race: Zerg Zerg
  • Spawn Location: 7:00

VOD

Have the link to the VOD?

Description

Time

  • Played on: Feb. 11, 2025, 3:57 p.m.
  • Length: 5:44
Show
View Real Time Build Order
Export as new Build Order

Ekelpack Zerg 

Build Orders: Hatch First 

Get SALT Encoding   

  12  0:00  Drone  
  13  0:12  Overlord  
  13  0:18  Drone  
  14  0:31  Drone x2  
  14  0:35  Drone  
  17  0:52  Hatchery  
  17  0:54  Drone  
  17  0:58  Extractor  
  17  0:59  Drone  
  17  1:13  Spawning Pool  
  17  1:16  Drone  
  17  1:24  Drone  
  18  1:29  Drone  
  19  1:39  Drone  
  20  1:54  Overlord  
  20  2:00  Queen  
  22  2:07  Queen  
  24  2:10  Drone x2  
  24  2:14  Drone  
  27  2:17  Drone  
  28  2:23  Drone  
  28  2:27  Drone  
  30  2:35  Drone  
  31  2:38  Lair  
  31  2:39  Metabolic Boost  
  31  2:46  Drone  
  32  2:52  Drone, Extractor  
  32  2:53  Extractor  
  32  2:54  Drone x2  
  33  3:04  Drone  
  34  3:06  Overlord  
  34  3:13  Drone  
  34  3:14  Drone  
  36  3:25  Drone x4  
  36  3:26  Overlord  
  40  3:28  Drone  
  41  3:35  Extractor  
  41  3:39  Spire  
  39  3:43  Drone  
  40  3:50  Zergling x8  
  40  3:51  Zergling x6  
  47  4:02  Zergling x4  
  26  4:21  Zergling x6  
  26  4:22  Zergling x8  
  26  4:53  Mutalisk x3  
  29  5:11  Overlord  
Show
View Real Time Build Order
Export as new Build Order

Nyck Terran 

Build Orders: Reaper Expand 

Get SALT Encoding   

  12  0:00  SCV  
  13  0:12  SCV  
  14  0:18  Supply Depot  
  14  0:24  SCV  
  15  0:40  SCV  
  15  0:41  Barracks  
  16  0:48  Refinery  
  16  0:54  SCV  
  17  1:07  SCV  
  18  1:28  Orbital Command  
  18  1:32  Reaper  
  19  1:39  Command Center  
  19  1:50  Refinery  
  19  1:55  SCV  
  20  2:09  SCV  
  20  2:13  Barracks Reactor  
  20  2:15  Barracks  
  21  2:21  Barracks  
  21  2:27  SCV  
  22  2:36  Supply Depot  
  22  2:39  SCV  
  23  2:55  SCV  
  23  2:57  Orbital Command  
  24  3:00  Marine x2  
  26  3:08  SCV  
  26  3:10  Barracks Tech Lab, Barracks Reactor  
  27  3:20  SCV  
  27  3:22  SCV  
  29  3:31  Combat Shield  
  29  3:32  SCV  
  30  3:34  SCV  
  30  3:37  Supply Depot  
  30  3:44  SCV  
  30  3:46  Marine x4  
  30  3:47  Marine  
  36  3:51  SCV  
  33  4:11  Marine x4, Marauder  
  38  4:29  Marine x3  
  41  4:33  Marauder  
  41  4:35  Supply Depot  
  43  4:57  SCV, Marine, Marauder  
  47  5:02  Marine  
  47  5:13  Marine x2  
  49  5:19  Marauder  
Show
View Real Time Build Order
Export as new Build Order

Tigereye Terran - Winner!

Build Orders: 2 Factory, Cyclone Opening 

Get SALT Encoding   

  12  0:00  SCV  
  13  0:12  SCV  
  14  0:17  Supply Depot  
  14  0:24  SCV  
  15  0:33  Refinery  
  15  0:39  SCV  
  16  0:44  Barracks  
  16  0:51  Refinery  
  16  0:53  SCV  
  17  1:05  SCV  
  18  1:18  SCV  
  19  1:31  Orbital Command  
  19  1:33  Factory  
  19  1:46  Factory  
  19  1:51  Barracks Tech Lab  
  19  1:57  SCV  
  20  2:02  Supply Depot  
  20  2:09  SCV  
  21  2:17  Barracks Tech Lab  
  21  2:21  SCV  
  22  2:28  Cyclone  
  25  2:42  Supply Depot, SCV  
  26  2:45  Cyclone  
  29  2:55  SCV  
  30  3:01  Supply Depot  
  30  3:03  Cyclone  
  33  3:13  SCV  
  33  3:17  Cyclone  
  37  3:25  SCV  
  38  3:35  Supply Depot  
  38  3:40  Cyclone  
  41  4:05  Cyclone  
  44  4:12  Cyclone  
  47  4:30  SCV  
  48  4:37  Cyclone  
  51  4:41  Supply Depot  
  51  4:42  SCV  
  52  4:55  SCV  
  53  5:06  Cyclone  
  53  5:07  SCV  
  57  5:10  Cyclone  
  60  5:19  SCV  
Show
View Real Time Build Order
Export as new Build Order

Schufti Zerg - Winner!

Build Orders: Hatch First 

Get SALT Encoding   

  12  0:02  Drone  
  13  0:16  Overlord  
  13  0:17  Drone  
  14  0:35  Drone x2  
  16  0:39  Drone  
  17  0:54  Hatchery  
  16  1:01  Extractor  
  16  1:03  Drone x2  
  17  1:20  Spawning Pool  
  17  1:25  Drone x2  
  18  1:32  Drone  
  19  1:44  Drone  
  20  1:54  Overlord  
  20  2:06  Metabolic Boost  
  20  2:08  Queen  
  22  2:09  Queen  
  22  2:11  Zergling x2  
  22  2:14  Zergling x2  
  26  2:18  Drone  
  26  2:20  Drone  
  28  2:28  Zergling x2, Evolution Chamber  
  28  2:56  Zergling x8  
  28  2:57  Zergling x2  
  33  3:04  Zerg Melee Weapons Level 1  
  33  3:06  Zergling x2  
  33  3:09  Drone  
  35  3:18  Drone  
  36  3:20  Overlord  
  36  3:34  Overlord x2  
  36  3:45  Zergling x2  
  36  3:46  Zergling x14  
  44  4:04  Zergling x2  
  44  4:05  Zergling x10  
  48  4:11  Zergling x2  
  49  4:21  Zergling x4  
  49  4:22  Zergling x4  
  48  4:36  Zergling x2  
  48  4:37  Zergling x4  
  41  4:55  Zergling x8  
  40  5:10  Zergling x6  
  43  5:17  Evolution Chamber  
  43  5:18  Baneling Nest  
Tags
 
Add a new tag
Caveats
  • Supply blocks, unpowered buildings, or Contaminate may cause inaccurate times.
  • Supply counts are checked every 10 seconds.